cohdb
Replays
Latest Replays
All Replays
Popular Replays
Top Player Replays
Match Explorer
How It Works
Community
CoH3 Stats
Reddit
Sign in to upload your games and track your stats! →
Sign in with Steam
Match 45299165
Unlisted
Match 45299165
Overview
Messages
Build Orders
End
Construct Barracks
Selects Armored Battlegroup
Selects Veteran Crews
1⁄4-ton 4x4 Truck
Engineer Squad
Riflemen Squad
Construct Weapon Support Center
Mechanized Support Center
Bazooka Squad
Riflemen Squad
M3 Armored Personnel Carrier
M3 Armored Personnel Carrier
Forward Retreat Point
Riflemen Squad
Selects Strength in Steel
Construct Tank Depot
Selects Seek and Destroy
Selects UNKNOWN (2160077)
M4A3E8 Sherman Easy Eight
M4A3E8 Sherman Easy Eight
Selects Field Repairs
Designate Forward Repair Station
Rapid Repairs
Salvage Crew
Selects War Machine
M4A3E8 Sherman Easy Eight
Improvised Armor
M1918 Browning Automatic Rifles
Grenade Package
Forward Retreat Point
Designate Forward Repair Station
M4A3E8 Sherman Easy Eight
A-Kai
BOOM YOU
Rive.A
The Scourge of God
Jm200092
⁂ ☢ [12thGGR]HL008 ☢ ⁂
Mrpriest
15907896199
0
0
Comments
sign in to comment!
No comments posted yet!